 Dungeon Crawl Stone Soup version 0.17.1-3-g152610e (webtiles) character file.

231 Jerry the Insei (level 6, -1/38 HPs)
             Began as an Octopode Transmuter on Mar 8, 2016.
             Slain by a killer bee (8 damage)
             ... on level 3 of the Dungeon.
             The game lasted 00:11:06 (2472 turns).

Jerry the Insei (Octopode Transmuter)               Turns: 2472, Time: 00:11:06

Health: -1/38      AC:  1    Str: 12    XL:     6   Next: 3%
Magic:  8/9        EV: 19    Int: 15    God:
Gold:   53         SH:  0    Dex: 17    Spells: 1 memorised, 8 levels left

rFire  . . .     SeeInvis .       - Unarmed
rCold  . . .     Clarity  .     (no shield)
rNeg   . . .     SustAt   .     (helmet restricted)
rPois  .         Gourm    .     (no amulet)
rElec  .         Spirit   .     (no ring)
rCorr  .         Warding  .     (no ring)
rMut   .         Stasis   .     (no ring)
MR     .....                    (no ring)
Stlth  +++++.....               (no ring)
                                (no ring)
                                (no ring)
                                (no ring)

@: agile, lethally poisoned (-1 -> -13), not resistant to hostile enchantments,
quite stealthy
A: almost no armour, amphibious, 8 rings, constrict 8, camouflage 1, gelatinous
body 1
a: no special abilities


You were on level 3 of the Dungeon.
You were not hungry.

You visited 1 branch of the dungeon, and saw 3 of its levels.

You collected 53 gold pieces.

Inventory:

Missiles
 a - 25 arrows
Jewellery
 j - an uncursed ring of magical power {unknown}
Scrolls
 f - 4 scrolls of identify {unknown}
 i - a scroll of teleportation {unknown}
 k - a scroll of fear {unknown}
 l - a scroll of enchant armour {unknown}
 n - a scroll of recharging {unknown}
 o - a scroll of noise {unknown}
 p - a scroll of magic mapping {unknown}
Potions
 d - a potion of heal wounds
 m - a potion of resistance {unknown}
Books
 b - a book of Changes

   Spells                             Type                      Level
   a - Beastly Appendage              Transmutation                1
   b - Sticks to Snakes               Transmutation                2
   c - Spider Form                    Transmutation/Poison         3
   d - Ice Form                       Ice/Transmutation            4
   e - Blade Hands                    Transmutation                5
Comestibles
 c - 2 bread rations
 g - 3 beef jerkies
 h - 3 chunks of flesh


   Skills:
 - Level 1.0 Fighting
 + Level 3.3 Dodging
 + Level 3.7 Stealth
 + Level 4.2 Unarmed Combat
 - Level 2.0 Spellcasting
 + Level 3.5 Transmutations


You had 8 spell levels left.
You knew the following spells:

 Your Spells              Type           Power        Failure   Level  Hunger
a - Beastly Appendage     Trmt           ##....       6%          1    #......


Dungeon Overview and Level Annotations

Branches:
Dungeon (3/15)

Altars:
Trog


Innate Abilities, Weirdness & Mutations

You cannot wear most types of armour.
You are amphibious.
You can wear up to eight rings at the same time.
You can use your tentacles to constrict eight enemies at once.
Your skin changes colour to match your surroundings (Stealth).
Your rubbery body absorbs attacks (AC +1).


Message History

You feel sick. The killer bee completely misses you.
The killer bee barely misses you.
You tentacle-slap the killer bee.
The killer bee is lightly wounded.
You constrict the killer bee, but do no damage.
You feel sick. The killer bee misses you. The killer bee closely misses you.
You barely miss the killer bee.
The killer bee is lightly wounded.
You constrict the killer bee.
You feel sick. The killer bee closely misses you.
The killer bee closely misses you.
You tentacle-slap the killer bee but do no damage.
The killer bee is lightly wounded.
You constrict the killer bee.
You feel sick.
The killer bee completely misses you. x2
You tentacle-slap the killer bee. You squeeze the killer bee.
The killer bee is heavily wounded.
You constrict the killer bee.
You feel sick. The killer bee stings you.
* * * LOW HITPOINT WARNING * * *
The killer bee stings you!
You die...

...............##.#.#.#########
.......>#......................
........#....#.##.#...#########
........#....#.##.......#......
#.......#.....)...#.....#.###..
#.#.###......#.##.#............
# #.######...####.##.###....#.#
# .........####....# #.#..#..
.........y@................
######.############.#..###
#.......# #.##.. #
.'.......y..yy.. ...+....
##.......######. ...##...#
#.......# .......... ..........
...#####...


You could see a killer bee.

Vanquished Creatures
  3 killer bees (D:3)
  3 adders (D:2)
  An ooze (D:2)
  2 worms
  2 giant geckos
  10 bats
  3 giant cockroaches
  6 goblins
  4 hobgoblins
  7 jackals (D:3)
  4 kobolds
  2 ball pythons
  4 giant newts
  3 quokkas (D:2)
  4 rats
58 creatures vanquished.

Notes
Turn   | Place    | Note
--------------------------------------------------------------
     0 | D:1      | Jerry the Octopode Transmuter began the quest for the Orb.
     0 | D:1      | Reached XP level 1. HP: 13/13 MP: 3/3
   427 | D:1      | Reached skill level 1 in Stealth
   427 | D:1      | Reached XP level 2. HP: 18/18 MP: 5/5
   913 | D:2      | Reached XP level 3. HP: 7/23 MP: 6/6
  1647 | D:2      | Reached XP level 4. HP: 28/28 MP: 7/7
  2112 | D:3      | Found a bloodstained altar of Trog.
  2452 | D:3      | Reached XP level 5. HP: 12/33 MP: 6/8
  2455 | D:3      | HP: 1/33 [killer bee (8)]
  2458 | D:3      | Reached skill level 4 in Unarmed Combat
  2467 | D:3      | Reached XP level 6. HP: 20/38 MP: 7/9
  2472 | D:3      | Slain by a killer bee

Action                   |  1- 3 |  4- 6 || total
-------------------------+-------+-------++-------
Melee: Unarmed           |    69 |    66 ||   135
 Cast: Beastly Appendage |     2 |     2 ||     4
  Use: Potion            |       |     6 ||     6
 Stab: Sleeping          |    13 |     4 ||    17
  Eat: Chunk             |     2 |     3 ||     5
